AoeStats
← Privilege

Oasis

509548897Analyzed
4v4 RM · 4d ago on Sep 27, 2026· 28m 39s· 8 players
Game mode
Random Map
Map size
Large (8 player)
Population
200
Speed
Normal
Resources
Standard
Victory
Conquest
Starting age
Dark Age
Ending age
Imperial Age
RankedLock teamsTeams togetherTeam positionsShared explorationLock speedFull tech treeHidden civsTurbo modeCheats
Victory
Defeat
🇨🇳 Magyars · China
1589
+9
🇨🇳 Armenians · China
1589
+9
🇨🇳 Malians · China
1459
+14
🇨🇳 Danes · China
1372
+17
🇨🇳 Britons · China
1455
-14
🇹🇼 Persians · Taiwan
1422
-12
🇺🇸 Armenians · United States
1406
-12
🇧🇷 Franks · Brazil
1392
-11
meh
7:12 Loom
9:19 Feudal Age
10:43 Man-at-Arms
12:10 Scale Mail Armor
16:28 Long Swordsman
18:38 Arson
25:06 Castle Age
23:23 Double-Bit Axe
23:52 Forging
23:34 Horse Collar
25:35 Fletching
Fs.Emmanuel
9:46 Feudal Age
13:35 Castle Age
13:55 Double-Bit Axe
17:59 Loom
26:20 Gold Mining
28:09 Scale Barding Armor
chengaopeng044
0:43 Loom
10:54 Feudal Age
13:09 Double-Bit Axe
17:39 Castle Age
17:19 Bloodlines
26:06 Wheelbarrow
26:39 Gold Mining
pxh42
9:23 Feudal Age
10:15 Double-Bit Axe
10:24 Horse Collar
13:43 Loom
16:30 Wheelbarrow
24:10 Castle Age
25:30 Bow Saw
26:24 Heavy Plow
SaKuRuaba Ema
6:04 Loom
8:51 Feudal Age
10:11 Man-at-Arms
13:50 Double-Bit Axe
14:17 Horse Collar
15:21 Town Watch
20:26 Castle Age
18:19 Gold Mining
19:06 Stone Mining
22:05 Wheelbarrow
24:13 Forging
26:49 Scale Mail Armor
26:53 Squires
28:14 Arson
Privilege
3:42 Loom
8:55 Feudal Age
9:36 Double-Bit Axe
12:45 Scale Barding Armor
12:52 Bloodlines
14:19 Scale Barding Armor
16:16 Horse Collar
17:15 Wheelbarrow
20:38 Castle Age
20:46 Loom
20:55 Gold Mining
20:41 Light Cavalry
22:56 Chain Barding Armor
24:21 Gold Shaft Mining
25:57 Bow Saw
28:38 Husbandry
29:45 Gold Shaft Mining
Rogue Knight
9:24 Loom
11:35 Feudal Age
16:07 Castle Age
14:33 Double-Bit Axe
14:44 Horse Collar
18:13 Bow Saw
24:54 Wheelbarrow
24:19 Gold Mining
25:38 Stone Mining
26:24 Gold Shaft Mining
26:33 Wheelbarrow
26:39 Wheelbarrow
29:02 Forging
28:52 Scale Mail Armor
29:11 Hand Cart
爱炸房的鳄鱼
6:48 Loom
9:40 Feudal Age
11:54 Double-Bit Axe
12:07 Horse Collar
14:39 Gold Mining
22:02 Castle Age
20:05 Scale Mail Armor
21:08 Forging
23:52 Chain Mail Armor
24:09 Sanctity
24:15 Sanctity
26:04 Bow Saw
26:31 Wheelbarrow
26:33 Fervor
26:19 Herbal Medicine
28:17 Iron Casting
Connection lost

Rejoining the realm…

Still unreachable

The connection could not be restored.

Session expired

The server has moved on; the page needs a fresh start.